Map: Eternal Empire LE

Players

Furis - Winner!

  • Race: Zerg Zerg
  • League: Diamond
  • Spawn Location: 7:00

Fox

  • Race: Protoss Protoss
  • League: Diamond
  • Spawn Location: 1:00

VOD

Have the link to the VOD?

Description

This is a macro 3 base zerg opening. The idea is to develop a good economy first while rushing a quick lair and hydra den and then do a push (Zergling-Hydra) on the 3rd base of protoss to reset him to 2 base and get a base advantage for the rest of the game.

Time

  • Played on: May 12, 2020, 6:46 p.m.
  • Length: 7:47
Show
View Real Time Build Order
Export as new Build Order

Furis Zerg - Winner!

Build Orders: Hatch First 

Get SALT Encoding   

  12  0:01  Drone  
  13  0:12  Overlord  
  13  0:17  Drone  
  14  0:30  Drone x2  
  16  0:49  Hatchery  
  15  0:53  Drone  
  17  0:57  Drone  
  17  0:59  Drone  
  17  1:04  Extractor  
  17  1:16  Spawning Pool  
  16  1:20  Drone  
  16  1:24  Drone  
  18  1:29  Drone  
  19  1:38  Drone  
  20  1:50  Overlord  
  20  2:00  Drone  
  21  2:03  Zergling x2  
  21  2:08  Queen x2  
  22  2:12  Metabolic Boost  
  26  2:16  Drone  
  26  2:19  Drone  
  28  2:24  Drone  
  28  2:25  Drone  
  30  2:33  Drone  
  30  2:34  Drone  
  32  2:43  Drone  
  34  2:44  Drone  
  34  2:55  Hatchery  
  34  2:57  Drone  
  34  3:01  Overlord  
  34  3:07  Drone x2  
  36  3:20  Zergling x4  
  36  3:24  Drone  
  36  3:25  Drone x2  
  41  3:32  Drone  
  42  3:38  Drone x2  
  44  3:54  Lair  
  44  3:57  Extractor  
  44  3:59  Drone, Extractor  
  44  4:00  Drone x2, Extractor  
  44  4:01  Overlord x2  
  44  4:02  Overlord  
  44  4:07  Drone x4  
  48  4:13  Drone  
  48  4:14  Drone  
  50  4:23  Drone x2  
  50  4:24  Drone  
  53  4:32  Drone x5  
  53  4:33  Drone x2  
  59  4:54  Drone x3  
  59  4:55  Drone x2  
  59  4:56  Drone  
  59  4:58  Extractor  
  59  4:59  Extractor  
  63  5:02  Hydralisk Den  
  62  5:07  Overlord  
  62  5:08  Overlord x3  
  62  5:09  Drone x2  
  62  5:10  Drone x2  
  62  5:11  Drone  
  66  5:27  Drone x2  
  68  5:30  Hydralisk x2  
  68  5:31  Hydralisk  
  68  5:33  Hydralisk, Muscular Augments  
  76  5:35  Hydralisk  
  78  5:44  Hydralisk x2  
  78  5:47  Hatchery  
  78  5:49  Hydralisk  
  83  5:59  Hatchery  
  83  6:03  Hydralisk x2, Drone x2  
  88  6:06  Overlord  
  88  6:09  Hydralisk x2  
  88  6:10  Hydralisk x2  
  96  6:11  Hydralisk  
  96  6:12  Hydralisk x2  
  96  6:16  Hydralisk  
  104  6:20  Overlord  
  104  6:21  Overlord  
  104  6:30  Hydralisk x3  
  110  6:43  Hydralisk x2  
  110  6:44  Hydralisk x4  
  122  6:48  Hydralisk  
  122  6:49  Hydralisk x2  
  128  6:59  Zergling x6  
  131  7:09  Hydralisk x2  
  131  7:11  Overlord x2, Zergling x6  
  131  7:12  Overlord x2  
  138  7:20  Overlord  
  138  7:21  Hydralisk x2  
Show
View Real Time Build Order
Export as new Build Order

Fox Protoss 

Build Orders: 1 Gate Expand 

Get SALT Encoding   

  12  0:00  Probe  
  13  0:13  Probe  
  14  0:18  Pylon  
  14  0:25  Probe  
  15  0:37  Probe  
  16  0:43  Gateway  
  16  0:49  Probe  
  17  0:53  Assimilator  
  17  1:01  Probe  
  18  1:13  Probe  
  19  1:25  Probe  
  20  1:32  Nexus  
  20  1:46  Cybernetics Core  
  20  1:48  Probe  
  21  1:58  Assimilator  
  21  2:00  Probe  
  22  2:03  Pylon  
  22  2:12  Probe  
  23  2:22  Warp Gate  
  23  2:23  Stalker (Chrono Boost)  
  25  2:33  Probe  
  25  2:45  Probe x2  
  25  2:49  Robotics Facility  
  25  2:50  Adept (Chrono Boost)  
  29  2:57  Probe x2  
  31  3:05  Gateway  
  31  3:09  Probe x2  
  33  3:17  Adept  
  35  3:21  Probe x2  
  35  3:25  Pylon  
  37  3:33  Probe x2  
  37  3:34  Immortal (Chrono Boost)  
  43  3:50  Probe (Chrono Boost)  
  43  3:56  Probe (Chrono Boost)  
  43  3:57  Stalker x2  
  43  4:00  Probe (Chrono Boost)  
  48  4:05  Probe (Chrono Boost)  
  48  4:07  Probe  
  50  4:16  Nexus, Probe  
  51  4:21  Probe  
  51  4:23  Observer  
  53  4:28  Probe  
  54  4:41  Pylon  
  54  4:54  Pylon, Assimilator  
  54  4:58  Warp Prism, Stargate  
  54  4:59  Assimilator, Probe x2  
  58  5:11  Stalker, Probe x2  
  58  5:12  Zealot  
  64  5:23  Probe x2  
  66  5:29  Probe  
  66  5:35  Probe x2  
  69  5:36  Forge, Immortal (Chrono Boost)  
  69  5:37  Robotics Bay  
  69  5:41  Probe  
  74  5:47  Probe x2  
  76  5:50  Phoenix  
  76  5:53  Probe  
  76  5:56  Assimilator  
  79  5:59  Probe x2  
  79  6:00  Assimilator, Sentry  
  79  6:03  Shield Battery  
  83  6:13  Stalker  
  85  6:24  Pylon x2  
  85  6:25  Pylon  
  85  6:36  Pylon  
  85  6:42  Phoenix, Probe (Chrono Boost)  
  85  6:44  Probe x2 (Chrono Boost)  
  90  6:48  Colossus (Chrono Boost)  
  87  6:54  Probe (Chrono Boost)  
  87  6:59  Zealot x2, Probe x2 (Chrono Boost)  
  87  7:00  Probe (Chrono Boost)  
  94  7:06  Twilight Council, Probe x2  
  96  7:08  Probe  
  96  7:09  Phoenix  
  86  7:37  Stalker x2  
Tags
 
Add a new tag
Caveats
  • Supply blocks, unpowered buildings, or Contaminate may cause inaccurate times.
  • Supply counts are checked every 10 seconds.